[Event "Titled Tuesday Blitz March 28 Early 2023"]
[White "Carrasco Miranda, Andres"]
[Black "Skvortsov, Andrei"]
[WhiteFideId "3405990"]
[BlackFideId "24108600"]
[WhiteElo "2183"]
[BlackElo "2259"]
[Result "0-1"]
[Round "01"]
[TimeControl "180+2"]
[Date "2023.03.28"]
[WhiteClock "0:00:05"]
[BlackClock "0:01:04"]

1. d4 e6 2. c4 Bb4+ 3. Nd2 f5 4. g3 Nf6 5. Bg2 O-O 6. Nf3 Ne4 7. O-O d5 8. Ne5 Bxd2 9. Bxd2 c6 10. b4 Nd7 11. Nxd7 Bxd7 12. Rb1 Qf6 13. e3 Nxd2 14. Qxd2 dxc4 15. a4 Rab8 16. b5 cxb5 17. axb5 a6 18. bxa6 bxa6 19. Qa5 Bb5 20. Rfc1 h6 21. Bf1 Rbc8 22. Rb4 Rc6 23. Rxb5 axb5 24. Qxb5 Rfc8 25. Rxc4 Rxc4 26. Bxc4 Kh7 27. Be2 Qe7 28. Kg2 Rc2 29. Bf3 Qd6 30. h4 Qa3 31. Qe5 Qa2 32. Bb7 Rxf2+ 33. Kg1 Rb2 0-1


[Site "https://www.chess.com"]

[Event "Titled Tuesday Blitz March 28 Early 2023"]
[White "Pulpan, Jakub"]
[Black "Senft, Sean"]
[WhiteFideId "302759"]
[BlackFideId "2044960"]
[WhiteElo "2484"]
[BlackElo "1989"]
[Result "1-0"]
[Round "01"]
[TimeControl "180+2"]
[Date "2023.03.28"]
[WhiteClock "0:00:18"]
[BlackClock "0:00:13"]

1. c4 c5 2. e3 g6 3. Nc3 Bg7 4. Nf3 Nc6 5. d4 cxd4 6. Nxd4 Nf6 7. Be2 O-O 8. O-O d6 9. b3 a6 10. Bb2 Bd7 11. Rc1 Rc8 12. Qd2 Ne8 13. Nd5 e6 14. Nxc6 Bxc6 15. Bxg7 Nxg7 16. Nb4 Qe7 17. Nxc6 Rxc6 18. Bf3 Rc7 19. Rfd1 Rd8 20. Qb4 Ne8 21. Rc2 Nf6 22. Rcd2 Rcd7 23. g3 Kf8 24. h4 d5 25. Qc3 dxc4 26. Rxd7 Rxd7 27. Rxd7 Qxd7 28. Qxf6 b5 29. bxc4 bxc4 30. Kg2 Qd2 31. Qh8+ Ke7 32. Qd4 Qxa2 33. Bc6 Qb3 34. e4 c3 35. e5 c2 36. Qd6# 1-0


[Site "https://www.chess.com"]

[Event "Titled Tuesday Blitz March 28 Early 2023"]
[White "Liu, Casper"]
[Black "Zhao, Jun"]
[WhiteFideId "1454153"]
[BlackFideId "8602522"]
[WhiteElo "2221"]
[BlackElo "2547"]
[Result "1-0"]
[Round "01"]
[TimeControl "180+2"]
[Date "2023.03.28"]
[WhiteClock "0:01:04"]
[BlackClock "0:00:02"]

1. d4 Nf6 2. c4 e6 3. Nc3 Bb4 4. Qc2 O-O 5. a3 Bxc3+ 6. Qxc3 d6 7. Bg5 Nbd7 8. e4 h6 9. Bh4 g5 10. Bg3 Nxe4 11. Qc2 f5 12. Bd3 Nxg3 13. hxg3 Qf6 14. O-O-O c5 15. g4 cxd4 16. gxf5 exf5 17. Nf3 Nc5 18. Rh5 Bd7 19. Rdh1 Ba4 20. b3 Bxb3 21. Qd2 Nxd3+ 22. Qxd3 Bxc4 23. Qxc4+ Kg7 24. Qxd4 Rac8+ 25. Kd2 Qxd4+ 26. Nxd4 Rf6 27. Rxh6 Rxh6 28. Nxf5+ Kg6 29. Nxh6 Rh8 30. Rb1 Rxh6 31. Rxb7 Rh2 32. Rxa7 Rxg2 33. Ke3 Kf5 34. a4 Rg1 35. a5 Ra1 36. a6 Ra3+ 37. Kd4 Ke6 38. Ra8 Kd7 39. a7 Kc6 40. Rc8+ Kb7 41. a8=Q+ Rxa8 42. Rxa8 Kxa8 43. Kd5 Kb7 44. Kxd6 g4 45. Ke5 Kc6 46. Kf4 1-0


[Site "https://www.chess.com"]

[Event "Titled Tuesday Blitz March 28 Early 2023"]
[White "Kosteniuk, Alexandra"]
[Black "Rios Escobar, Adan"]
[WhiteFideId "4128125"]
[BlackFideId "3403645"]
[WhiteElo "2453"]
[BlackElo "2405"]
[Result "1-0"]
[Round "01"]
[TimeControl "180+2"]
[Date "2023.03.28"]
[WhiteClock "0:01:06"]
[BlackClock "0:00:03"]

1. d4 Nf6 2. Nf3 g6 3. g3 c5 4. d5 d6 5. Bg2 b5 6. a4 b4 7. O-O Bg7 8. a5 O-O 9. c3 Bb7 10. cxb4 cxb4 11. Ne1 Na6 12. e4 Rc8 13. Be3 Nc5 14. Nd2 Ba6 15. Nc2 Bxf1 16. Qxf1 Ncxe4 17. Nxb4 Nc5 18. Nc6 Qd7 19. b4 Nb7 20. a6 Nd8 21. Nxa7 Rc3 22. Bd4 Rc2 23. Qd3 Rc7 24. Nb5 Rc8 25. a7 Ra8 26. Rc1 1-0


[Site "https://www.chess.com"]

[Event "Titled Tuesday Blitz March 28 Early 2023"]
[White "Ramirez Vido, Robert Yorisan"]
[Black "Santos Ruiz, Miguel"]
[WhiteFideId "3513823"]
[BlackFideId "22291482"]
[WhiteElo "2404"]
[BlackElo "2504"]
[Result "0-1"]
[Round "01"]
[TimeControl "180+2"]
[Date "2023.03.28"]
[WhiteClock "0:00:05"]
[BlackClock "0:00:13"]

1. f4 d5 2. Nf3 g6 3. g3 Bg7 4. Bg2 Nf6 5. d3 O-O 6. O-O c5 7. Qe1 d4 8. a4 Nc6 9. Na3 Nd5 10. Bd2 b6 11. Nc4 Bb7 12. c3 Rc8 13. a5 b5 14. a6 Ba8 15. Nce5 Nxe5 16. Nxe5 Qd6 17. c4 Nc7 18. Bxa8 Rxa8 19. cxb5 Nxb5 20. Nc4 Qd5 21. Qf2 Nd6 22. Nxd6 exd6 23. b4 Rab8 24. Rfb1 c4 25. dxc4 Qxc4 26. Rc1 Qe6 27. Rab1 Rfe8 28. Rc7 Qxe2 29. Rxa7 d3 30. Qxe2 Rxe2 31. Rb7 Ra8 32. a7 Bd4+ 33. Kf1 Rf2+ 34. Ke1 Re8+ 35. Kd1 Rf1+ 36. Be1 Bc3 0-1


[Site "https://www.chess.com"]

[Event "Titled Tuesday Blitz March 28 Early 2023"]
[White "Iniyan, P"]
[Black "Sousa, Andre Ventura"]
[WhiteFideId "25002767"]
[BlackFideId "1917617"]
[WhiteElo "2449"]
[BlackElo "2348"]
[Result "1-0"]
[Round "01"]
[TimeControl "180+2"]
[Date "2023.03.28"]
[WhiteClock "0:01:20"]
[BlackClock "0:01:32"]

1. b3 Nf6 2. Bb2 g6 3. e3 Bg7 4. Nf3 O-O 5. Be2 b6 6. O-O Bb7 7. c4 c5 8. Nc3 Nc6 9. d4 cxd4 10. exd4 d5 11. Re1 Rc8 12. Rc1 Re8 13. Ne5 dxc4 14. Bxc4 e6 15. Nxf7 Kxf7 16. d5 exd5 17. Rxe8 Kxe8 18. Nxd5 Nxd5 19. Bxg7 Nce7 20. Qf3 Qd7 21. Qf8# 1-0


[Site "https://www.chess.com"]

[Event "Titled Tuesday Blitz March 28 Early 2023"]
[White "Iljin, Timofey"]
[Black "Korchmar, Vasiliy"]
[WhiteFideId "14110180"]
[BlackFideId "24131750"]
[WhiteElo "2397"]
[BlackElo "2370"]
[Result "0-1"]
[Round "01"]
[TimeControl "180+2"]
[Date "2023.03.28"]
[WhiteClock "0:00:03"]
[BlackClock "0:00:07"]

1. e4 c5 2. c3 Nf6 3. e5 Nd5 4. d4 cxd4 5. cxd4 e6 6. Nf3 d6 7. exd6 Bxd6 8. Nc3 Nxc3 9. bxc3 Qc7 10. Bd2 O-O 11. Bd3 b6 12. O-O Bb7 13. h3 Nd7 14. Re1 Rae8 15. c4 e5 16. d5 h6 17. Qc1 Nc5 18. Bc2 f5 19. Nh4 e4 20. Ng6 Rf6 21. Nf4 Rf7 22. a4 Ba6 23. a5 Bxc4 24. axb6 axb6 25. Ba4 b5 26. Bc2 Qe7 27. Be3 Qe5 28. g3 g5 29. Ne6 Nxe6 30. dxe6 Rxe6 31. Qd2 f4 32. Bd4 Qf5 33. g4 Qd5 34. Qc3 b4 35. Qb2 b3 36. Bb1 e3 37. f3 Qxf3 38. Qg2 Qxg2+ 39. Kxg2 f3+ 40. Kh1 f2 41. Ra8+ Rf8 42. Rxf8+ Bxf8 43. Rd1 e2 44. Rc1 e1=Q+ 0-1


[Site "https://www.chess.com"]

[Event "Titled Tuesday Blitz March 28 Early 2023"]
[White "Salemgareev, Tagir"]
[Black "Perez Rodriguez, Jennifer"]
[WhiteFideId "24199052"]
[BlackFideId "3507831"]
[WhiteElo "2366"]
[BlackElo "2170"]
[Result "1-0"]
[Round "01"]
[TimeControl "180+2"]
[Date "2023.03.28"]
[WhiteClock "0:00:16"]
[BlackClock "0:00:03"]

1. d4 d5 2. Nf3 Nf6 3. c4 c6 4. e3 e6 5. Nc3 Nbd7 6. Qc2 Bd6 7. b3 e5 8. cxd5 cxd5 9. Nb5 Bb8 10. Ba3 Qa5+ 11. Qd2 Qxd2+ 12. Nxd2 exd4 13. Nxd4 a6 14. Nf5 Rg8 15. Nd6+ Bxd6 16. Bxd6 Nf8 17. f3 Ne6 18. Kf2 Kd7 19. Be5 Ne8 20. Bd3 g6 21. Rhd1 f6 22. Bb2 Ke7 23. b4 Bd7 24. Nb3 Nd6 25. Be2 Bc6 26. a4 Nc4 27. Bc3 b5 28. a5 Rac8 29. Nd4 Nxd4 30. Bxd4 Rge8 31. g4 Kf7 32. h4 Bd7 33. g5 f5 34. Rac1 Be6 35. Rh1 Nd6 36. Rxc8 Rxc8 37. h5 Rc2 38. hxg6+ hxg6 39. Rh7+ Ke8 40. Ra7 Nf7 41. Rxa6 Bd7 42. Rxg6 Rb2 43. Rg8+ Ke7 44. g6 1-0


[Site "https://www.chess.com"]

[Event "Titled Tuesday Blitz March 28 Early 2023"]
[White "Kozelov, Roman"]
[Black "Prohaszka, Peter"]
[WhiteFideId "14133377"]
[BlackFideId "726265"]
[WhiteElo "2149"]
[BlackElo "2626"]
[Result "1-0"]
[Round "01"]
[TimeControl "180+2"]
[Date "2023.03.28"]
[WhiteClock "0:00:07"]
[BlackClock "0:00:14"]

1. e4 c6 2. d4 d5 3. e5 Bf5 4. Bd3 Bxd3 5. Qxd3 e6 6. Ne2 Qa5+ 7. c3 Qa6 8. Qf3 c5 9. O-O Nc6 10. a3 Rc8 11. Be3 c4 12. Nd2 Na5 13. Qh3 Ne7 14. Ng3 Qb5 15. Rab1 h5 16. Bg5 h4 17. Bxe7 Bxe7 18. f4 Kd7 19. Ne2 g6 20. Qe3 Rh5 21. h3 Nb3 22. Nxb3 cxb3 23. Rf2 a5 24. Rbf1 a4 25. Nc1 Kc7 26. Nd3 Kb6 27. Kh2 Rch8 28. Qd2 Qc4 29. Rf3 R8h7 30. R3f2 Ka7 31. Rf3 Rh8 32. R3f2 Rc8 33. Rf3 Qb5 34. R1f2 Rc4 35. Rf1 Rf5 36. R1f2 Qa5 37. Nc1 Kb8 38. Nd3 Qb5 39. Nc1 Rh5 40. Nd3 Rh8 41. Rf1 Rhc8 42. R1f2 R8c6 43. Rf1 Bd8 44. Rb1 Qa5 45. Qf2 Be7 46. Qe2 Qc7 47. Nf2 Qc8 48. Ng4 Bxa3 49. bxa3 Rxc3 50. Rxc3 Rxc3 51. Qb5 Qc6 52. Qa5 Rc4 53. Nf6 b6 54. Qa6 b5 55. Qa5 Kb7 56. Qd8 Qc7 57. Qe8 Ka6 58. Qa8+ Qa7 59. Qd8 Rc7 60. Ne8 Rd7 61. Qc8+ Qb7 62. Qc5 Qb6 63. Qc8+ Qb7 64. Qc5 Rd8 65. Nd6 Qb6 66. Qb4 Ka7 67. Rc1 Kb8 68. Rc5 Ka7 69. Rxb5 Qa6 70. Ra5 b2 71. Qb7# 1-0


[Site "https://www.chess.com"]

[Event "Titled Tuesday Blitz March 28 Early 2023"]
[White "Bashirli, Nail"]
[Black "Maxfan2008"]
[WhiteFideId "13406809"]
[WhiteElo "2338"]
[BlackElo "2398"]
[Result "0-1"]
[Round "01"]
[TimeControl "180+2"]
[Date "2023.03.28"]
[WhiteClock "0:00:08"]
[BlackClock "0:00:19"]

1. e4 c5 2. Nc3 Nc6 3. Nf3 Nd4 4. Bc4 e6 5. O-O a6 6. Nxd4 cxd4 7. Ne2 b5 8. Bb3 Bc5 9. d3 Bb7 10. c3 dxc3 11. bxc3 Bb6 12. a4 Ne7 13. Ng3 O-O 14. Qg4 Rc8 15. axb5 axb5 16. Bb2 Ng6 17. Rad1 Qh4 18. Qxh4 Nxh4 19. c4 Ba6 20. Ra1 Ra8 21. Rfc1 bxc4 22. Bxc4 Bxc4 23. Rxc4 Rxa1+ 24. Bxa1 Ra8 25. Bb2 f6 26. h3 Ra2 27. Rb4 Ba7 28. Rb7 Bc5 29. Ne2 Ng6 30. Nc3 Ra7 31. Rb8+ Kf7 32. g3 Ne5 33. Nb5 Ra2 34. Nc3 Ra5 35. Rb7 Ke7 36. Rb5 Rxb5 37. Nxb5 Bxf2+ 38. Kg2 Nxd3 39. Ba3+ Bc5 40. Bxc5+ Nxc5 41. Kf3 h5 42. Nd4 g5 43. Ne2 Nb3 44. Ke3 e5 45. Nc3 Ke6 46. Nd5 Nd4 47. Nc7+ Kf7 48. Nd5 d6 49. Nc3 Nc2+ 50. Kf3 Nb4 51. Nb5 Ke6 52. Nc7+ Kd7 53. Nb5 d5 54. exd5 Nxd5 55. Ke4 Ke6 56. Kf3 f5 57. Kf2 e4 58. Nd4+ Ke5 59. Nc6+ Kf6 60. Nd4 f4 61. gxf4 gxf4 62. Nc6 Kf5 63. Ne7+ Nxe7 0-1


[Site "https://www.chess.com"]

[Event "Titled Tuesday Blitz March 28 Early 2023"]
[White "Ozdemir, Serhan Berat"]
[Black "Schroeder, Jan-Christian"]
[WhiteFideId "6374611"]
[BlackFideId "24662259"]
[WhiteElo "2015"]
[BlackElo "2556"]
[Result "1-0"]
[Round "01"]
[TimeControl "180+2"]
[Date "2023.03.28"]
[WhiteClock "0:00:34"]
[BlackClock "0:00:18"]

1. e4 c5 2. Nf3 d6 3. d4 cxd4 4. Nxd4 Nf6 5. Nc3 g6 6. Be3 Bg7 7. f3 O-O 8. Qd2 Nc6 9. Bc4 Bd7 10. O-O-O Rc8 11. Bb3 Nxd4 12. Bxd4 b5 13. Nd5 Nxd5 14. Bxg7 Kxg7 15. exd5 a5 16. a3 b4 17. axb4 axb4 18. Qxb4 Qc7 19. Rhe1 Rfe8 20. Re3 Kg8 21. Qd4 Bf5 22. Rc3 Qa5 23. g4 Bd7 24. Kd2 Rc5 25. Ke3 e5 26. dxe6 Bxe6 27. Kf2 Rxc3 28. Qxc3 Qg5 29. Bxe6 Rxe6 30. Kg3 h5 31. h4 Qe7 32. Ra1 Kh7 33. Ra8 Re5 34. Qc8 Qf6 35. Qg8+ Kh6 36. Qf8+ Kh7 37. Ra7 Rf5 38. gxf5 Qe5+ 39. Kh3 Qxf5+ 40. Kg2 1-0


[Site "https://www.chess.com"]

[Event "Titled Tuesday Blitz March 28 Early 2023"]
[White "Cherniaiev, Tykhon"]
[Black "Silva Lucena, Cristian"]
[WhiteFideId "14182360"]
[BlackFideId "2232588"]
[WhiteElo "2450"]
[BlackElo "2223"]
[Result "1-0"]
[Round "01"]
[TimeControl "180+2"]
[Date "2023.03.28"]
[WhiteClock "0:01:15"]
[BlackClock "0:00:11"]

1. Nf3 d5 2. d4 e6 3. c4 c6 4. e3 Nf6 5. Nbd2 Be7 6. Bd3 O-O 7. O-O a6 8. b3 Nbd7 9. Bb2 b5 10. e4 dxe4 11. Nxe4 Bb7 12. Re1 bxc4 13. bxc4 c5 14. d5 exd5 15. cxd5 Bxd5 16. Qc2 Nxe4 17. Bxe4 Bxe4 18. Rxe4 Nf6 19. Rh4 h6 20. Re1 Re8 21. h3 Qa5 22. Rxe7 Rxe7 23. Bxf6 gxf6 24. Rxh6 Rea7 25. Qh7+ Kf8 26. Qh8+ Ke7 27. Qxf6+ Ke8 28. Rh8+ Kd7 29. Ne5+ Kc7 30. Qc6# 1-0


[Site "https://www.chess.com"]

[Event "Titled Tuesday Blitz March 28 Early 2023"]
[White "Corredor Castellanos, Camilo"]
[Black "Aradhya, Garg"]
[WhiteFideId "4425871"]
[BlackFideId "25006746"]
[WhiteElo "1994"]
[BlackElo "2263"]
[Result "0-1"]
[Round "01"]
[TimeControl "180+2"]
[Date "2023.03.28"]
[WhiteClock "0:00:22"]
[BlackClock "0:00:10"]

1. Nf3 d5 2. e3 Nf6 3. c4 e6 4. b3 Bd6 5. Bb2 O-O 6. Nc3 b6 7. cxd5 exd5 8. Qc2 a6 9. Bd3 Bb7 10. O-O Nc6 11. a3 Ne7 12. Ne2 Ng6 13. h4 Re8 14. Ng5 Ne4 15. Bxe4 dxe4 16. Qc4 Bd5 17. Qc2 Nxh4 18. Nh3 Ng6 19. d3 Qh4 20. dxe4 Bxe4 21. Qc4 b5 22. Qd4 Be5 23. Qd2 Rad8 24. Qc1 Bxb2 25. Qxb2 Ne5 26. Ng3 Qg4 27. Nxe4 Qxe4 28. Rad1 f6 29. Nf4 g5 30. Nh5 Qg6 31. Ng3 h5 32. Rd4 h4 33. Ne2 h3 34. Rfd1 Rxd4 35. Qxd4 hxg2 36. Kxg2 Qf5 37. Qd5+ Kg7 38. Ng3 Qe6 39. Qe4 Ng6 40. Nf5+ Kf8 41. Qb4+ Ne7 42. Nxe7 Qxe7 43. Qd4 Qe4+ 44. Qxe4 Rxe4 45. Rd7 Re7 46. Rd8+ Kf7 47. Ra8 Re6 48. Rd8 Rc6 49. Rd3 Ke6 50. Kg3 Rc1 51. Kf3 a5 52. a4 bxa4 53. bxa4 Rc4 54. Rd4 Rxd4 55. exd4 Kd5 56. Ke3 f5 57. f3 Kc4 58. f4 g4 59. Kf2 Kxd4 60. Kg3 Ke4 61. Kh4 c5 62. Kg5 c4 0-1


[Site "https://www.chess.com"]

[Event "Titled Tuesday Blitz March 28 Early 2023"]
[White "Bitoon, Richard"]
[Black "Boraso, Alessio"]
[WhiteFideId "5201110"]
[BlackFideId "848077"]
[WhiteElo "2374"]
[BlackElo "2286"]
[Result "1-0"]
[Round "01"]
[TimeControl "180+2"]
[Date "2023.03.28"]
[WhiteClock "0:00:35"]
[BlackClock "0:00:02"]

1. e4 c5 2. c3 d5 3. exd5 Qxd5 4. d4 Nc6 5. Nf3 e5 6. Nxe5 Nxe5 7. dxe5 Qxe5+ 8. Be3 Bd7 9. Nd2 O-O-O 10. Nc4 Qc7 11. Qf3 Bc6 12. Qf5+ Bd7 13. Qxf7 Nf6 14. O-O-O b5 15. Na3 a6 16. Be2 Bd6 17. Qxg7 Be5 18. Qe7 Ne4 19. Bf3 Rhe8 20. Qxh7 Nd6 21. Rd5 Bf5 22. Qxc7+ Kxc7 23. Rxc5+ Kb8 24. Rd1 b4 25. cxb4 Bg6 26. Rc6 Bh7 27. Rb6+ Kc7 28. Rxa6 Nb7 29. Bb6+ Kb8 30. Ba7+ Kc7 31. Rc6# 1-0


[Site "https://www.chess.com"]

[Event "Titled Tuesday Blitz March 28 Early 2023"]
[White "Chan, Kim Yew"]
[Black "Schmakel, Sam"]
[WhiteFideId "5717981"]
[BlackFideId "2039311"]
[WhiteElo "2206"]
[BlackElo "2356"]
[Result "0-1"]
[Round "01"]
[TimeControl "180+2"]
[Date "2023.03.28"]
[WhiteClock "0:00:03"]
[BlackClock "0:00:09"]

1. d4 d5 2. Nf3 Nf6 3. c4 c6 4. g3 dxc4 5. Bg2 b5 6. O-O Bb7 7. a4 Nbd7 8. Nc3 a6 9. Ne5 Qb6 10. e4 e6 11. Be3 Qd8 12. f4 Be7 13. axb5 cxb5 14. d5 exd5 15. exd5 Bd6 16. Nc6 Qc7 17. g4 h6 18. h3 O-O 19. g5 hxg5 20. fxg5 Nh7 21. Qh5 Ne5 22. Be4 g6 23. Qh6 Nxc6 24. dxc6 Bxc6 25. Bd4 Be5 26. Bxe5 Qxe5 27. Bxc6 Qc5+ 28. Rf2 Qxc6 29. Re1 Rae8 30. Rfe2 Rxe2 31. Rxe2 Qc5+ 32. Kf1 Qxg5 33. Qxg5 Nxg5 34. Nd5 Nxh3 35. Nc7 Nf4 36. Re4 Nd3 37. Nxa6 Nxb2 38. Nc7 Rc8 39. Nd5 Kg7 40. Re7 c3 41. Rb7 c2 0-1


[Site "https://www.chess.com"]

[Event "Titled Tuesday Blitz March 28 Early 2023"]
[White "Bolourchifard, Farzad"]
[Black "Krzywda, Andrzej"]
[WhiteFideId "12510084"]
[BlackFideId "1114565"]
[WhiteElo "2317"]
[BlackElo "2155"]
[Result "1-0"]
[Round "01"]
[TimeControl "180+2"]
[Date "2023.03.28"]
[WhiteClock "0:00:36"]
[BlackClock "0:00:02"]

1. e4 e6 2. d4 d5 3. exd5 exd5 4. Nf3 Nf6 5. Bg5 Be7 6. Bd3 Bg4 7. Nbd2 Nbd7 8. c3 c6 9. O-O O-O 10. Qc2 Bh5 11. Rae1 Re8 12. Ne5 Bg6 13. f4 Bxd3 14. Qxd3 Nb6 15. Ndf3 Nc8 16. Nxf7 Kxf7 17. Bxf6 Bxf6 18. Qxh7 Rxe1 19. Rxe1 Nd6 20. Ne5+ Bxe5 21. fxe5 Ne8 22. Rf1+ Ke7 23. Qg6 Kd7 24. Rf7+ Kc8 25. Qe6+ Kb8 26. Rd7 Qc8 27. Qe7 a6 28. Rd8 Ka7 29. Rxc8 Rxc8 30. Qd7 Rb8 31. h4 Kb6 32. h5 Nc7 33. e6 Re8 34. e7 a5 35. Qd8 a4 36. a3 c5 37. dxc5+ Kc6 38. Qd6+ Kb5 39. Qxc7 1-0


[Site "https://www.chess.com"]

[Event "Titled Tuesday Blitz March 28 Early 2023"]
[White "drdaro"]
[Black "Samant Aditya S"]
[BlackFideId "35080580"]
[WhiteElo "2389"]
[BlackElo "2362"]
[Result "1/2-1/2"]
[Round "01"]
[TimeControl "180+2"]
[Date "2023.03.28"]
[WhiteClock "0:00:27"]
[BlackClock "0:00:05"]

1. c4 Nf6 2. Nc3 e5 3. e4 Nc6 4. d3 Bc5 5. Bg5 h6 6. Bh4 O-O 7. Nd5 Nxd5 8. Bxd8 Bb4+ 9. Qd2 Bxd2+ 10. Kxd2 Rxd8 11. exd5 Nd4 12. Ne2 Nxe2 13. Bxe2 d6 14. Rae1 f5 15. h4 Kf7 16. Ref1 Kf6 17. f4 g6 18. Rhg1 h5 19. g3 Bd7 20. Kc3 Re8 21. Kd2 a5 22. b3 Re7 23. Re1 Rae8 24. Bf3 b6 25. a3 Ra8 26. Re2 Rb8 27. Rge1 b5 28. Kc3 bxc4 29. dxc4 e4 30. Bg2 Ree8 31. Rb1 Rb6 32. Reb2 Reb8 33. Bf1 Ra8 34. Kd4 c5+ 35. Kc3 Ke7 36. Be2 Kd8 37. a4 Rb4 38. Bd1 Rab8 39. Bc2 Ke8 40. Bd1 Kf7 41. Be2 Kf6 42. Bd1 Re8 43. Be2 e3 44. Re1 Reb8 45. Reb1 Re8 46. Re1 Re7 47. Bd1 Re8 48. Rbe2 Rbb8 49. Rxe3 Rxe3+ 50. Rxe3 Rb4 51. Bc2 Rb6 52. Bd1 Rb4 53. Kd2 Rb6 54. Ke2 Rb8 55. Kd3 Rb4 56. Re2 Rb8 57. Rb2 Bxa4 58. Kc3 Bd7 59. Ra2 Ra8 60. Bc2 Ra7 61. Bd1 Ra8 62. Bc2 Ra7 63. Bd1 Ke7 64. Bc2 Kf6 1/2-1/2


[Site "https://www.chess.com"]

[Event "Titled Tuesday Blitz March 28 Early 2023"]
[White "Iskusnyh, Sergei"]
[Black "Orzech, Dominik"]
[WhiteFideId "4120027"]
[BlackFideId "1115065"]
[WhiteElo "2492"]
[BlackElo "2260"]
[Result "1-0"]
[Round "01"]
[TimeControl "180+2"]
[Date "2023.03.28"]
[WhiteClock "0:00:15"]
[BlackClock "0:00:11"]

1. d4 Nf6 2. c4 c6 3. Nf3 d5 4. e3 e6 5. Bd3 Nbd7 6. b3 Be7 7. Bb2 O-O 8. O-O b6 9. Nc3 Bb7 10. Qc2 Qc7 11. Rfe1 Rad8 12. e4 dxe4 13. Nxe4 Nxe4 14. Bxe4 Nf6 15. Bd3 c5 16. d5 exd5 17. Be5 Qc6 18. cxd5 Qxd5 19. Rad1 Qc6 20. Bxf6 Bxf6 21. Bxh7+ Kh8 22. Be4 Qc7 23. Bxb7 Qxb7 24. Qf5 Rxd1 25. Rxd1 Rd8 26. Rxd8+ Bxd8 27. Ne5 Bf6 28. Nd7 Bd4 29. Qxf7 Qe4 30. g3 Qb1+ 31. Kg2 Qxa2 32. Qh5+ Kg8 33. Qe8+ Kh7 34. Nf8+ Kg8 35. Ne6+ Kh7 36. Ng5+ Kh6 37. Ne4 Qxb3 38. g4 Qd5 39. h4 g6 40. f3 Qe5 41. Qf7 Qg7 42. Qd5 a5 43. g5+ Kh7 44. Qe6 a4 45. Nf6+ Bxf6 46. gxf6 Qf8 47. Qe7+ Kg8 48. Qe6+ Qf7 49. Qc8+ Kh7 50. Qc6 a3 51. Qxb6 a2 52. Qa6 Qxf6 53. Qxf6 1-0


[Site "https://www.chess.com"]

[Event "Titled Tuesday Blitz March 28 Early 2023"]
[White "Melaugh, Shane"]
[Black "HSH1987"]
[WhiteFideId "2509580"]
[WhiteElo "2034"]
[BlackElo "2704"]
[Result "0-1"]
[Round "01"]
[TimeControl "180+2"]
[Date "2023.03.28"]
[WhiteClock "0:00:01"]
[BlackClock "0:00:34"]

1. c4 Nf6 2. Nc3 g6 3. g3 c5 4. Bg2 Bg7 5. e4 O-O 6. Nge2 d6 7. d3 Nc6 8. a3 Bg4 9. f3 Bd7 10. O-O Ne8 11. Rb1 a5 12. f4 Nc7 13. f5 Rb8 14. a4 Ne5 15. h3 Na6 16. Bf4 Nb4 17. Bxe5 dxe5 18. Nd5 Bc6 19. Nec3 e6 20. f6 Bh6 21. Ne7+ Kh8 22. Rf3 Qd4+ 23. Kh2 Rbd8 24. Bf1 Rd7 25. Ne2 Qd6 26. Nc3 Rfd8 27. Nxc6 bxc6 28. Be2 Qd4 29. Qb3 Bd2 30. Rd1 Bh6 31. Rdf1 Qd6 32. h4 Qb8 33. Kg2 Rd6 34. Qd1 R8d7 35. h5 g5 36. g4 Qd8 37. Qd2 Rd4 38. Rd1 Bf8 39. Qxg5 h6 40. Qe3 Kh7 41. g5 hxg5 42. Qxg5 Bh6 43. Qh4 Nc2 44. Qg3 Qg8 45. Qxg8+ Kxg8 46. Rg3+ Kh7 47. Kf2 Nb4 48. Rdg1 Rd8 49. Rg7+ Bxg7 50. Rxg7+ Kh6 51. Rxf7 R4d7 52. Rxd7 Rxd7 53. Bg4 Rf7 54. Ke3 Rxf6 55. Bf3 Nc2+ 56. Kd2 Nd4 0-1


[Site "https://www.chess.com"]

[Event "Titled Tuesday Blitz March 28 Early 2023"]
[White "Ilkhomi, Jaloliddin"]
[Black "Valle Maytin, Luis Enrique"]
[WhiteFideId "14700948"]
[BlackFideId "3503666"]
[WhiteElo "2045"]
[BlackElo "2225"]
[Result "0-1"]
[Round "01"]
[TimeControl "180+2"]
[Date "2023.03.28"]
[WhiteClock "0:00:02"]
[BlackClock "0:00:15"]

1. Nf3 Nf6 2. d4 e6 3. Bf4 d5 4. e3 Be7 5. Nbd2 Nbd7 6. Bd3 O-O 7. Ne5 c5 8. c3 h6 9. Qf3 a6 10. g4 Nxe5 11. Bxe5 Nd7 12. Bf4 cxd4 13. exd4 Bf6 14. O-O-O e5 15. dxe5 Nxe5 16. Bxe5 Bxe5 17. h4 Be6 18. g5 Rc8 19. gxh6 Qa5 20. Nb1 d4 21. hxg7 Rfd8 22. Rhg1 f5 23. Qh5 Bf4+ 24. Rd2 dxc3 25. Qh8+ Kf7 26. Qh7 Rg8 27. Qh5+ Ke7 28. Qf3 cxd2+ 29. Kd1 Rc1+ 30. Ke2 Qe5+ 31. Be4 Bc4+ 32. Qd3 Qxe4# 0-1


[Site "https://www.chess.com"]

[Event "Titled Tuesday Blitz March 28 Early 2023"]
[White "Seletsky, Grigory"]
[Black "Hamitevici, Vladimir"]
[WhiteFideId "14112191"]
[BlackFideId "13902393"]
[WhiteElo "2490"]
[BlackElo "2401"]
[Result "1-0"]
[Round "01"]
[TimeControl "180+2"]
[Date "2023.03.28"]
[WhiteClock "0:01:13"]
[BlackClock "0:00:16"]

1. e4 c5 2. Nc3 a6 3. f4 b5 4. Nf3 Bb7 5. d3 d6 6. g4 g6 7. Bg2 Bg7 8. h3 Nc6 9. f5 Nf6 10. Bf4 Nd4 11. Qd2 Rc8 12. Nxd4 cxd4 13. Ne2 Qb6 14. O-O gxf5 15. gxf5 Rg8 16. Rac1 Nh5 17. Bh6 Be5 18. Nf4 Ng3 19. Rf2 d5 20. Nxd5 Bxd5 21. exd5 Qf6 22. Bf4 Nxf5 23. Re1 Ne3 24. Bxe3 dxe3 25. Qxe3 Bd4 26. Rxf6 Bxe3+ 27. Rxe3 Rxc2 28. Rf2 Rc1+ 29. Kh2 Rg7 30. Rfe2 f6 31. d6 e5 32. d4 Kd7 33. dxe5 fxe5 34. Rxe5 Kxd6 35. Re6+ Kc7 36. Rxa6 1-0


[Site "https://www.chess.com"]

[Event "Titled Tuesday Blitz March 28 Early 2023"]
[White "Matinian, Nikita"]
[Black "Shkuran, Danylo"]
[WhiteFideId "24129100"]
[BlackFideId "14106248"]
[WhiteElo "2422"]
[BlackElo "2427"]
[Result "1-0"]
[Round "01"]
[TimeControl "180+2"]
[Date "2023.03.28"]
[WhiteClock "0:00:37"]
[BlackClock "0:00:13"]

1. e4 e6 2. d4 d5 3. Nc3 Bb4 4. e5 Ne7 5. Qg4 O-O 6. a3 Bxc3+ 7. bxc3 b6 8. h4 Kh8 9. h5 h6 10. Rh3 Ba6 11. Bxa6 Nxa6 12. Ne2 c5 13. Rf3 Nf5 14. Ng3 Qh4 15. Qf4 Qxf4 16. Rxf4 Nxg3 17. fxg3 Rac8 18. Kd2 f6 19. a4 fxe5 20. dxe5 Nb8 21. a5 b5 22. a6 Nc6 23. Rb1 Nxe5 24. Rxb5 Rxf4 25. gxf4 Nc4+ 26. Ke2 Rc6 27. g4 Kg8 28. g5 Rxa6 29. Rb8+ Kf7 30. g6+ Ke7 31. Rb7+ Kd6 32. Rxg7 Ra1 33. Rd7+ Kxd7 34. g7 Rxc1 35. g8=Q Rxc2+ 36. Kf3 Rxc3+ 37. Kf2 Rc2+ 38. Kg1 Rc1+ 39. Kh2 a5 40. Qg7+ Kd6 41. Qxh6 a4 42. Qf8+ Kd7 43. h6 a3 44. Qg7+ Kd6 45. h7 a2 46. h8=Q 1-0


[Site "https://www.chess.com"]